 Dungeon Crawl Stone Soup version 0.22.1-1-ga44c0e5 (webtiles) character file.

22193 Monsterracer the Martial Artist (level 12, 0/97 HPs)
             Began as a Vampire Chaos Knight on Sept 30, 2018.
             Succumbed to a minotaur's poison
             ... in a labyrinth on Oct 1, 2018.
             The game lasted 00:38:20 (14325 turns).

Monsterracer the Martial Artist (VpCK)             Turns: 14325, Time: 00:38:21

Health: 0/97       AC: 15    Str: 17    XL:     12   Next: 60%
Magic:  15/15      EV: 20    Int: 10    God:    Xom [..*...]
Gold:   834        SH:  0    Dex: 15    Spells: 11/11 levels left

rFire    + . .     SeeInvis +     - Unarmed
rCold    + + +     Gourm    .   (no shield)
rNeg     . . .     Faith    +   H - +3 scale mail {rF+}
rPois    .         Spirit   .   (helmet restricted)
rElec    +         Reflect  .   d - +1 cloak of Starlight {rElec rC+ EV+4 Stlth--}
rCorr    .         Harm     .   j - +0 pair of gloves
MR       ++++.                  m - +0 pair of boots
Stlth    ..........             x - amulet of faith
HPRegen  0.46/turn              w - ring of protection from magic {!d}
MPRegen  0.14/turn              G - ring of protection from magic {!d}

@: lethally poisoned (0 -> -19), regenerating quickly
A: fangs 3, horns 1, talons 1, see invisible, blink, cold resistance 2, dopey 2,
magic resistance 1, screaming 1, electricity resistance, strong 1, unbreathing,
subdued magic 2
a: Blink, Renounce Religion


You were in a labyrinth.
You worshipped Xom.
You were a toy of Xom.
You were very full.

You visited 2 branches of the dungeon, and saw 14 of its levels.
You also visited: Labyrinth.

You collected 834 gold pieces.

Inventory:

Missiles
 E - 2 throwing nets (quivered)
Armour
 d - the +1 cloak of Starlight (worn) {rElec rC+ EV+4 Stlth--}
   (You acquired it on level 10 of the Dungeon)

   It affects your evasion (+4).
   It protects you from cold.
   It insulates you from electricity.
   It makes you much less stealthy.
 f - a +1 helmet
 j - a +0 pair of gloves (worn)
 m - a +0 pair of boots (worn)
 u - a +0 ring mail of cold resistance
 H - a +3 scale mail of fire resistance (worn)
 J - the +0 ring mail of Day {rC+}
   (You found it on level 1 of the Lair of Beasts)

   It protects you from cold.
Jewellery
 w - a ring of protection from magic (left hand) {!d}
 x - an amulet of faith (around neck)
 y - an uncursed ring of positive energy
 G - a ring of protection from magic (right hand) {!d}
Wands
 c - a wand of disintegration (10)
 k - a wand of enslavement (12)
 r - a wand of acid (15)
 s - a wand of iceblast (8)
 v - a wand of flame (60)
 K - a wand of digging (13)
Scrolls
 e - 7 scrolls of teleportation {!r}
 l - 2 scrolls of fog
 p - 2 scrolls of remove curse
 t - 4 scrolls of immolation {!r}
 z - a scroll of summoning {!r}
 A - 5 scrolls of amnesia
 C - a scroll of fear {!r}
 D - 2 scrolls of magic mapping {!r}
Potions
 a - a potion of might
 b - 6 potions of curing
 g - 4 potions of heal wounds
 h - 2 potions of haste
 i - a potion of agility
 n - 3 potions of brilliance
 o - a potion of lignification
 B - 3 potions of flight
 F - 4 potions of ambrosia {!q}


   Skills:
 + Level 9.6 Fighting
 + Level 6.4 Armour
 + Level 10.3 Dodging
 - Level 6.3 Stealth
 * Level 14.9 Unarmed Combat
 - Level 4.5 Evocations


You had 11 spell levels left.
You didn't know any spells.
Your spell library contained the following spells:

 Spells                   Type           Power        Failure   Level  Hunger
 Magic Dart               Conj           #...         67%         1    ##.....
 Ensorcelled Hibernation  Hex/Ice        #.....       80%         2    ###....
 Ice Form                 Ice/Tmut       #.......     100%        4    #####..
 Sticky Flame             Conj/Fire      #.......     100%        4    #####..
 Throw Icicle             Conj/Ice       #.......     100%        4    #####..
 Bolt of Magma            Conj/Fire/Erth #.........   100%        5    ######.
 Ozocubu's Refrigeration  Ice            #.........   100%        6    #######
 Simulacrum               Ice/Necr       #.........   100%        6    #######


Dungeon Overview and Level Annotations

Branches:
Dungeon (11/15)            Temple (0/1) D:6            Lair (3/6) D:11
 Shoals (0/4) Lair:2          Orc (0/2) D:9
  Snake: Lair:2-4    Spider: Lair:2-4

Altars:
Elyvilon
Gozag
Hepliaklqana
Kikubaaqudgha
Makhleb
Nemelex Xobeh
Okawaru
Ru
Sif Muna
Trog
Uskayaw
Vehumet
Xom
Zin

Shops:
D:9 }%

Annotations:
D:3 3 runed doors, Folque's ghost, amateur OpWz


Innate Abilities, Weirdness & Mutations

Your natural rate of healing is unusually fast.
You have razor-sharp teeth.
You have supernaturally acute eyesight. (SInv)
You can survive without breathing.
You have a pair of small horns on your head.
You have sharp toenails.
You can translocate small distances at will.
Your flesh is very cold resistant. (rC++)
You are very dopey. (Int -4)
You are resistant to hostile enchantments. (MR+)
You occasionally shout uncontrollably at your foes.
You are resistant to electric shocks. (rElec)
Your muscles are strong. (Str +2)
Your spells are easier to cast, but less powerful.


Message History

Okay, then.
Evoke which item? (* to show all) (? for menu, Esc to quit)
Aiming: Corrosive Bolt
Press: ? - help, Shift-Dir - straight line, f/p - minotaur
Aim: a minotaur, wielding a short sword of venom and wearing a runed chain mail The bolt of acid hits the minotaur.
The minotaur is splashed with acid.
The minotaur is moderately wounded.
The minotaur throws a steel javelin.
The steel javelin misses you. The minotaur barely misses you.
The minotaur closely misses you.
You closely miss the minotaur.
The minotaur is lightly wounded.
The minotaur hits you with a short sword of venom!!
You are poisoned.
The minotaur gores you.
You take 30 damage, and have 66/96 hp.
MASSIVE DAMAGE!!
You punch the minotaur! Your headbutt misses the minotaur.
Your punch misses the minotaur.
The minotaur is moderately wounded.
You feel very sick.
The minotaur hits you with a short sword of venom!!
* * * LOW HITPOINT WARNING * * *
You are lethally poisoned!
The minotaur gores you but does no damage.
You take 24 damage, and have 42/96 hp.
MASSIVE DAMAGE!!
Unknown command.
You feel better. The minotaur completely misses you.
The minotaur closely misses you.
Unknown command.
Unknown command.
Unknown command.
Unknown command.
You regained 11 hp, and now have 53/97 hp.
Unknown command.
Unknown command.
Evoke which item? (* to show all) (? for menu, Esc to quit)
Aiming: Corrosive Bolt
Press: ? - help, Shift-Dir - straight line, f/p - minotaur
Aim: a minotaur, wielding a short sword of venom and wearing a runed chain mail The bolt of acid hits the minotaur.
The minotaur is splashed with acid.
The acid corrodes the minotaur!
The minotaur is moderately wounded.
The minotaur hits you but does no damage.
The minotaur completely misses you.
You hit the minotaur but do no damage.
The minotaur is moderately wounded.
Xom momentarily opens a gate.
You are now a toy of Xom.
The minotaur barely misses you.
The minotaur gores you but does no damage.
You punch the minotaur!
The minotaur is heavily wounded.
You hit the minotaur.
The minotaur is heavily wounded.
The minotaur hits you with a short sword of venom.
* * * LOW HITPOINT WARNING * * *
You are poisoned.
The minotaur gores you but does no damage.
You take 6 damage, and have 48/97 hp.
Unknown command.
You hit the minotaur but do no damage.
You headbutt the minotaur, but do no damage.
The minotaur is heavily wounded.
You feel sick.
The minotaur hits you with a short sword of venom.
* * * LOW HITPOINT WARNING * * *
You are more poisoned.
The minotaur gores you.
* * * LOW HITPOINT WARNING * * *
You take 5 damage, and have 43/97 hp.
Unknown command.
You punch the minotaur!
The minotaur is almost dead.
You feel sick.
You hit the minotaur but do no damage. You headbutt the minotaur.
The minotaur is almost dead.
You feel sick. The minotaur closely misses you. The minotaur misses you.
You take 1 damage, and have 42/97 hp.
You hit the minotaur.
You headbutt the minotaur, but do no damage.
You bite the minotaur, but do no damage.
The minotaur is almost dead.
You feel sick.
The minotaur hits you with a short sword of venom.
* * * LOW HITPOINT WARNING * * *
The minotaur gores you!
* * * LOW HITPOINT WARNING * * *
You take 14 damage, and have 28/97 hp.
Your scale mail prevents you from hitting the minotaur.
The minotaur furiously retaliates!
The minotaur headbutts you.
* * * LOW HITPOINT WARNING * * *
You bite the minotaur, but do no damage.
The minotaur is almost dead.
You feel sick.
The minotaur hits you with a short sword of venom!!
* * * LOW HITPOINT WARNING * * *
You are more poisoned.
The minotaur closely misses you.
You take 26 damage, and have 2/97 hp.
MASSIVE DAMAGE!!
You swap places.
You die...
Xom howls with laughter!

# ## #
#.. . # #
#.#######
#
..#...(@#
#.###5#5#
#.....#H#
#.#.###.#
.
.#...#..
.#
###.####
...# .
#.#.. ###
#.
#.#.##▓
#.# # # ▓


You could see a minotaur and 2 friendly quasits.

Vanquished Creatures
  A two-headed ogre (D:7)
  Urug (D:10)
  2 unseen horrors
  A cyclops (D:11)
  2 centaur zombies (D:10)
  Maurice (D:10)
  A guardian serpent (Lair:1)
  4 black mambas
  A spiny frog (Lair:1)
  A komodo dragon (Lair:1)
  2 trolls
  6 blink frogs (Lair:2)
  A hippogriff (D:9)
  A spriggan (D:7)
  A wyvern (D:10)
  16 yaks
  A yak (shapeshifter) (D:11)
  Grum (D:9)
  4 hungry ghosts
  Menkaure (D:4)
  7 water moccasins
  A black bear (D:7)
  7 orc warriors
  3 porcupines
  An eye of draining (D:10)
  3 ice beasts
  6 sky beasts
  2 necrophages
  2 phantoms
  4 wolves
  6 ogres
  8 centaurs
  7 crocodiles
  4 big kobolds
  Blork the orc (D:4)
  2 wyvern zombies
  3 bullfrogs
  3 gnoll sergeants (D:9)
  A water moccasin zombie (D:6)
  3 scorpions
  A water moccasin skeleton (D:5)
  3 wights (D:10)
  7 crimson imps
  4 jellies
  2 centaur skeletons
  6 orc priests
  15 orc wizards
  3 bullfrog skeletons
  2 gnoll shamans
  8 hounds
  3 iguanas
  7 worker ants
  A hound zombie (D:9)
  2 hound skeletons
  Robin (D:4)
  2 worker ant zombies
  A howler monkey zombie (D:11)
  16 adders
  12 gnolls
  3 shadow imps
  An adder zombie (D:7)
  2 worms (D:2)
  3 adder skeletons
  A dart slug (D:3)
  4 leopard geckos
  53 orcs
  5 bats
  5 giant cockroaches
  11 hobgoblins
  17 jackals
  6 quokkas
  3 ball pythons
  7 frilled lizards
  15 goblins
  20 kobolds
  2 leopard gecko skeletons (D:4)
  A quokka skeleton (D:10)
  A quokka zombie (D:8)
  9 rats
388 creatures vanquished.

Vanquished Creatures (collateral kills)
  2 blink frogs
  A hungry ghost (Lab)
  Duvessa (D:4)
  A black bear (D:9)
  A wolf (D:9)
  An orc warrior (D:9)
  A big kobold (D:9)
  Dowan (D:4)
  A scorpion (D:10)
  2 orc priests (D:4)
  A gnoll (D:9)
  3 orcs
  A kobold (D:10)
17 creatures vanquished.

Vanquished Creatures (others)
  A wizard (D:8)
  A black mamba (Lair:3)
  A water moccasin (D:5)
  An orc (D:9)
  A fungus (Lair:2)
5 creatures vanquished.

Grand Total: 410 creatures vanquished

Notes
Turn   | Place    | Note
-------+----------+-------------------------------------------
     0 | D:1      | Monsterracer the Vampire Chaos Knight began the quest for
                  | the Orb.
     0 | D:1      | Reached XP level 1. HP: 17/17 MP: 1/1
    15 | D:1      | XOM: divination: detect creatures
   277 | D:1      | XOM: harmless Pois miscast
   329 | D:1      | Reached XP level 2. HP: 19/23 MP: 2/2
   636 | D:2      | Reached skill level 4 in Unarmed Combat
   647 | D:2      | Found a faded altar of an unknown god.
   700 | D:2      | Reached XP level 3. HP: 25/29 MP: 3/3
   709 | D:2      | XOM: snakes to sticks
   935 | D:2      | XOM: confuse monster(s)
   996 | D:2      | XOM is BORED!
   996 | D:2      | HP: 14/29 [xom (12)]
   996 | D:2      | XOM: torment (14/29 hp)
  1116 | D:2      | XOM: give mutation
  1116 | D:2      | Gained mutation: You are surrounded by a mild repulsion
                  | field. (EV +2) [Xom's grace]
  1131 | D:2      | Reached XP level 4. HP: 35/35 MP: 4/4
  1345 | D:2      | Reached skill level 5 in Unarmed Combat
  1382 | D:2      | Found a sacrificial altar of Ru.
  1491 | D:3      | XOM: god gift: transparent arbalest {god gift}
  1492 | D:3      | Got a transparent arbalest {god gift}
  1493 | D:3      | Identified the +10 arbalest "Ucsudghigi" {venom, Dex+3}
                  | (Xom gifted it to you on level 3 of the Dungeon)
  1642 | D:3      | Found a runed gate.
  1642 | D:3      | Found a runed gate.
  1643 | D:3      | XOM: give mutation
  1643 | D:3      | Gained mutation: You are agile. (Dex +2) [Xom's grace]
  1656 | D:3      | Found a runed gate.
  1925 | D:3      | Reached XP level 5. HP: 42/42 MP: 5/5
  2195 | D:3      | Found an ancient bone altar of Kikubaaqudgha.
  2298 | D:3      | Found a radiant altar of Vehumet.
  2300 | D:3      | Found a deep blue altar of Sif Muna.
  2308 | D:3      | Identified Vehumet's Handbook of Arcane Weapons
  2546 | D:3      | Noticed Folque's ghost (amateur OpWz)
  2605 | D:3      | Found an iron altar of Okawaru.
  2605 | D:3      | Found a faded altar of an unknown god.
  2610 | D:3      | Found a bloodstained altar of Trog.
  2612 | D:3      | Found a hide-covered altar of Uskayaw.
  2613 | D:3      | Found a white marble altar of Elyvilon.
  2687 | D:3      | XOM: mild Tloc miscast
  2786 | D:4      | Noticed Menkaure
  2796 | D:4      | XOM: give mutations
  2796 | D:4      | Gained mutation: You are resistant to electric shocks.
                  | (rElec) [Xom's grace]
  2796 | D:4      | Gained mutation: You expend magic power (3 MP) to
                  | strengthen your wands. [Xom's grace]
  2796 | D:4      | Gained mutation: You are resistant to hostile enchantments.
                  | (MR+) [Xom's grace]
  2796 | D:4      | Gained mutation: You have sharp toenails. [Xom's grace]
  2802 | D:4      | Killed Menkaure
  2802 | D:4      | Reached skill level 6 in Unarmed Combat
  2802 | D:4      | Reached XP level 6. HP: 47/48 MP: 6/6
  2832 | D:4      | Noticed Robin
  2851 | D:4      | Killed Robin
  2858 | D:4      | HP: 22/48 [hobgoblin[Robin] (4)]
  2868 | D:4      | XOM: give mutations
  2868 | D:4      | Gained mutation: Your flesh is cold resistant. (rC+) [Xom's
                  | grace]
  2868 | D:4      | Gained mutation: Your muscles are strong. (Str +2) [Xom's
                  | grace]
  2868 | D:4      | Gained mutation: You have razor-sharp toenails. [Xom's
                  | grace]
  2934 | D:4      | XOM: give mutations
  2934 | D:4      | Gained mutation: Your flesh is very cold resistant. (rC++)
                  | [Xom's mischief]
  2934 | D:4      | Lost mutation: You expend magic power (3 MP) to strengthen
                  | your wands. [Xom's mischief]
  2934 | D:4      | Lost mutation: You are agile. (Dex +2) [Xom's mischief]
  2968 | D:4      | Noticed Blork the orc
  2976 | D:4      | Killed Blork the orc
  3034 | D:4      | Noticed Dowan
  3035 | D:4      | Noticed Duvessa
  3049 | D:4      | XOM: summons friendly iron imp
  3062 | D:4      | Killed Duvessa
  3062 | D:4      | Reached skill level 7 in Unarmed Combat
  3067 | D:4      | Killed Dowan
  3151 | D:4      | Reached XP level 7. HP: 55/55 MP: 7/7
  3205 | D:4      | XOM: 4-stop teleportation journey
  3257 | D:4      | XOM: butterfly on damage
  3262 | D:4      | HP: 25/55 [orc warrior/dire flail of protection (15)]
  3272 | D:4      | HP: 14/55 [orc warrior/dire flail of protection (9)]
  3274 | D:4      | XOM: harmless Hex miscast
  3602 | D:4      | Reached skill level 5 in Fighting
  3663 | D:4      | Reached skill level 8 in Unarmed Combat
  3680 | D:4      | HP: 20/56 [orc wizard/puff of flame (12)]
  3781 | D:4      | XOM: severe Tmut miscast
  3798 | D:4      | Gained mutation: You occasionally shout uncontrollably at
                  | your foes. [mutagenic glow]
  3858 | D:4      | Gained mutation: Your spells are a little easier to cast,
                  | but a little less powerful. [mutagenic glow]
  3878 | D:4      | Gained mutation: Your spells are easier to cast, but less
                  | powerful. [mutagenic glow]
  3913 | D:4      | Gained mutation: You are dopey. (Int -2) [mutagenic glow]
  3951 | D:4      | Identified Xom's Tome of Disaster (Xom gifted it to you on
                  | level 4 of the Dungeon)
  3951 | D:4      | XOM: god gift: Xom's Tome of Disaster
  4153 | D:5      | Entered Level 5 of the Dungeon
  4302 | D:5      | Reached XP level 8. HP: 59/62 MP: 8/8
  4342 | D:5      | XOM: destruction
  4451 | D:5      | Reached skill level 9 in Unarmed Combat
  4534 | D:5      | Reached skill level 5 in Dodging
  4734 | D:5      | XOM: god gift: 8 potions of blood
  4883 | D:5      | XOM: scenery: 1 doors close
  4922 | D:6      | XOM: divination: detect creatures
  4938 | D:6      | XOM: confuse monster(s)
  5100 | D:6      | XOM: scenery: create altars
  5168 | D:6      | Reached skill level 10 in Unarmed Combat
  5192 | D:6      | XOM: scenery: 1 doors open
  5245 | D:6      | Reached XP level 9. HP: 68/68 MP: 9/9
  5460 | D:6      | Found a staircase to the Ecumenical Temple.
  5673 | D:7      | Reached skill level 1 in Evocations
  5734 | D:7      | Reached skill level 12 in Unarmed Combat
  5734 | D:7      | Reached XP level 10. HP: 75/78 MP: 10/13
  5779 | D:7      | Found a glowing silver altar of Zin.
  5781 | D:7      | Noticed a two-headed ogre
  5788 | D:7      | HP: 27/78 [two-headed ogre/giant club (22)]
  5827 | D:7      | XOM: enchant monster (good)
  5830 | D:7      | Killed a two-headed ogre
  6548 | D:7      | Found an opulent altar of Gozag.
  6808 | D:8      | Found a sparkling altar of Nemelex Xobeh.
  6986 | D:8      | XOM: 1-stop teleportation journey
  7122 | D:8      | Found a bloodstained altar of Trog.
  7123 | D:8      | Noticed a wizard
  7124 | D:8      | XOM: harmless Hex miscast
  7126 | D:8      | XOM: enchant monster (bad)
  7129 | D:8      | Killed a wizard
  7188 | D:8      | Found a hazy altar of Hepliaklqana.
  7358 | D:9      | Found a staircase to the Orcish Mines.
  7371 | D:9      | XOM: destruction
  7373 | D:9      | XOM: fake destruction
  7382 | D:9      | Noticed Grum
  7392 | D:9      | HP: 36/79 [wolf[Grum] (10)]
  7527 | D:9      | XOM: god gift: scroll labeled PITAMP BEPNUUD {god gift}
  7541 | D:9      | XOM: god gift: scroll of amnesia
  7546 | D:9      | XOM: 4-stop teleportation journey
  7553 | D:9      | XOM: scenery: create altars
  7558 | D:9      | XOM: cloud trail
  7698 | D:9      | XOM: noise
  7705 | D:9      | XOM: confuse monster(s)
  7723 | D:9      | XOM: destruction
  7731 | D:9      | XOM: summons friendly ynoxinul
  7739 | D:9      | Reached XP level 11. HP: 45/85 MP: 14/14
  7769 | D:9      | XOM: cloud trail
  7942 | D:9      | Found a shimmering altar of Xom.
  8044 | D:9      | Found Kerph's Food Boutique.
  8056 | D:9      | XOM: scenery: create altars
  8232 | D:9      | Found Beggauk's Gadget Shop.
  8263 | D:9      | XOM: god gift: potion of flight
  8284 | D:9      | XOM: polymorph orc warrior -> hound
  8299 | D:9      | Killed Grum
  8346 | D:9      | Found a burning altar of Makhleb.
  8490 | D:10     | Entered Level 10 of the Dungeon
  8491 | D:10     | XOM: summons 4 friendly demons
  8511 | D:10     | Noticed an unseen horror
  8518 | D:10     | Killed an unseen horror
  8518 | D:10     | Reached skill level 13 in Unarmed Combat
  8519 | D:10     | XOM: god gift: scroll labeled PEGIPR OCAZO {god gift}
  8907 | D:10     | Noticed Urug
  8990 | D:10     | Noticed Maurice
  8995 | D:10     | XOM: chaos cloud
  9000 | D:10     | XOM: summons 2 friendly demons
  9008 | D:10     | Killed Maurice
  9199 | D:10     | XOM: summons friendly iron imp
  9223 | D:10     | Reached skill level 5 in Armour
  9279 | D:10     | Identified a scroll of acquirement
  9280 | D:10     | Found the +1 cloak of Starlight {rElec rC+ EV+4 Stlth--}
  9405 | D:10     | XOM: cloud trail
  9878 | D:10     | XOM: god gift: fuming white potion {god gift}
  9889 | D:10     | XOM: cast spell 'Summon Butterflies'
  9901 | D:10     | Killed Urug
  9941 | D:10     | XOM: god gift: 18 bolts
 10281 | D:11     | Noticed an unseen horror
 10296 | D:11     | Killed an unseen horror
 10315 | D:11     | XOM: enchant monster (good)
 10322 | D:11     | XOM: god gift: phantom mirror
 10368 | D:11     | XOM: harmless Erth miscast
 10380 | D:11     | XOM: harmless Fire miscast
 10402 | D:11     | XOM: noise
 10438 | D:11     | XOM: 1-stop teleportation journey
 10440 | D:11     | XOM: swap monsters
 10458 | D:11     | XOM: polymorph yak -> shapeshifter
 10465 | D:11     | Reached skill level 14 in Unarmed Combat
 10465 | D:11     | Reached XP level 12. HP: 88/94 MP: 15/15
 10472 | D:11     | XOM: confuse monster(s)
 10485 | D:11     | XOM: blink monster(s)
 10499 | D:11     | XOM: scenery: create altars
 10599 | D:11     | XOM: scenery: create altars
 10748 | D:11     | Found a staircase to the Lair.
 10807 | D:11     | XOM: noise
 10858 | D:11     | XOM: give mutations
 10858 | D:11     | Gained mutation: You are somewhat resistant to further
                  | mutation. [Xom's grace]
 10858 | D:11     | Gained mutation: You can translocate small distances at
                  | will. [Xom's grace]
 10858 | D:11     | Lost mutation: You are somewhat resistant to further
                  | mutation. [Xom's grace]
 10858 | D:11     | Gained mutation: You evolve. [Xom's grace]
 11098 | Lair:1   | Entered Level 1 of the Lair of Beasts
 11265 | Lair:1   | XOM: polymorph yak -> raiju
 11267 | Lair:1   | XOM: polymorph raiju -> guardian serpent
 11308 | Lair:1   | XOM: noise
 11344 | Lair:1   | XOM: divination: magic mapping
 11411 | Lair:1   | XOM: mild Necr miscast
 11484 | Lair:1   | Got a spiked ring mail
 11539 | Lair:1   | Identified the cursed +0 ring mail of Day {rC+} (You found
                  | it on level 1 of the Lair of Beasts)
 11699 | Lair:1   | XOM: mild Pois miscast
 11994 | Lair:2   | Found a staircase to the Shoals.
 12001 | Lair:2   | XOM: divination: detect creatures
 12024 | Lair:2   | XOM: polymorph crocodile -> ogre
 12027 | Lair:2   | XOM: noise
 12083 | Lair:2   | XOM: swap monsters
 12147 | Lair:2   | XOM: noise
 12163 | Lair:1   | XOM: draining
 12164 | Lair:1   | XOM: blink monster(s)
 12167 | Lair:1   | Reached skill level 10 in Dodging
 12493 | Lair:2   | XOM: scenery: 1 doors open
 12525 | Lair:2   | XOM: summons 7 friendly demons
 12574 | Lair:2   | XOM: 1-stop teleportation journey
 12601 | Lair:2   | XOM: harmless Fire miscast
 12605 | Lair:2   | HP: 45/95 [wolf (9)]
 12610 | Lair:2   | HP: 40/95 [poisoned by a black mamba]
 12616 | Lair:3   | Found a labyrinth entrance.
 12616 | Lair:3   | HP: 34/95 [poisoned by a black mamba]
 12619 | Lair:3   | XOM: stat loss: -1 Dex (14/15)
 12622 | Lair:3   | HP: 34/95 [poisoned by a black mamba]
 12627 | Lair:3   | HP: 31/95 [poisoned by a black mamba]
 12632 | Lab      | Entered a labyrinth
 12635 | Lab      | HP: 22/95 [poisoned by a black mamba]
 12643 | Lab      | HP: 24/95 [poisoned by a black mamba]
 12786 | Lab      | XOM: give mutations
 12786 | Lab      | Lost mutation: You are surrounded by a mild repulsion
                  | field. (EV +2) [Xom's mischief]
 12786 | Lab      | Lost mutation: You have razor-sharp toenails. [Xom's
                  | mischief]
 12786 | Lab      | Gained mutation: You are very dopey. (Int -4) [Xom's
                  | mischief]
 12832 | Lab      | Noticed a minotaur
 12833 | Lab      | XOM: 6-stop teleportation journey
 12986 | Lab      | XOM: medium Summ miscast
 13272 | Lab      | XOM: noise
 13484 | Lab      | XOM: divination: detect items
 13489 | Lab      | XOM: cast spell 'Summon Ice Beast'
 13681 | Lab      | XOM: god gift: ration
 13788 | Lab      | XOM: mild Hex miscast
 13806 | Lab      | XOM: harmless Tmut miscast
 13883 | Lab      | XOM: harmless Fire miscast
 14047 | Lab      | XOM: cloud trail
 14223 | Lab      | XOM is BORED!
 14223 | Lab      | XOM: give mutations
 14223 | Lab      | Gained mutation: You have a pair of small horns on your
                  | head. [Xom's mischief]
 14223 | Lab      | Lost mutation: You evolve. [Xom's mischief]
 14240 | Lab      | XOM: 6-stop teleportation journey
 14314 | Lab      | HP: 42/96 [minotaur/short sword of venom (21)]
 14317 | Lab      | XOM: summons 2 friendly demons
 14319 | Lab      | HP: 48/97 [minotaur/short sword of venom (6)]
 14324 | Lab      | HP: 24/97 [minotaur's headbutt (4)]
 14324 | Lab      | HP: 2/97 [minotaur/short sword of venom (21)]
 14325 | Lab      | Succumbed to a minotaur's poison

Skill      XL: |  1  2  3  4  5  6  7  8  9 10 11 12 |
---------------+-------------------------------------+-----
Fighting       | 3 4 5 6 7 8 9 |  9.6
Unarmed Combat | 4 5 6 7 8 10 12 14 | 14.9
Dodging        | 3 4 5 7 8 9 10 | 10.3
Evocations     | 4 |  4.5
Armour         | 3 4 5 6 |  6.4
Stealth        | 6 |  6.3

Action                   |  1- 3 |  4- 6 |  7- 9 | 10-12 || total
-------------------------+-------+-------+-------+-------++-------
Melee: Unarmed           |   117 |   225 |   344 |   911 ||  1597
       Bite              |     8 |    24 |    47 |   122 ||   201
       Punch             |     1 |     4 |    17 |    86 ||   108
       Kick              |       |     9 |    30 |       ||    39
       Headbutt          |       |       |       |     3 ||     3
Evoke: Wand              |       |       |       |     3 ||     3
       Phantom mirror    |       |       |       |     1 ||     1
  Use: Potion            |     9 |    13 |    13 |    45 ||    80
       Scroll            |       |       |    11 |    17 ||    28
 Stab: Confused          |     1 |       |       |     3 ||     4
       Distracted        |       |     1 |       |     3 ||     4
       Sleeping          |       |       |       |     6 ||     6
       Paralysed         |       |       |       |     2 ||     2
Armor: Leather armour    |    27 |    41 |    72 |    79 ||   219
       Skin              |       |     2 |       |       ||     2
       Scale mail        |       |       |       |    68 ||    68
       Ring mail         |       |       |       |    37 ||    37
Dodge: Dodged            |    58 |   138 |   176 |   733 ||  1105

Vault maps used:
D:1:      dpeg_arrival_short_road, patterned_corridor
D:2:      nicolae_ru_the_path_less_chosen, chequers_ecumenical_altar_island
D:3:      grunt_temple_overflow_magic_moments,
          chequers_temple_overflow_minitemple, ebering_ghost_rock_garden
D:4:      first_ration, uniq_menkaure, uniq_robin, uniq_blork_the_orc,
          uniq_duvessa
D:5:      st_stairs_10
D:6:      minmay_temple_entry_poolview, minmay_hedge_maze
D:7:      grunt_temple_overflow_gold_and_silver, the_bakery, minivault_25
D:8:      kennysheep_mini, marbit_many_paths, kennysheep_pointless_box,
          trog_wizard
D:9:      nicolae_overflow_crystal_walls,
          kennysheep_orc_monster_closet_entryway, serial_shops, shop, shop,
          serial_gnoll_camp, gnoll_camp_mini_hut, gnoll_camp_mini_doghouse,
          gnoll_camp_mini_sergeant, gnoll_camp_mini_house, bloody_makhleb,
          uniq_grum
D:10:     uniq_maurice, uniq_urug
D:11:     lair_entry_dummy
Lair:1:   lemuel_fruit_fields, grunt_megastairs_4, lemuel_fruit_tree
Lair:2:   shoals_dummy_entry, minmay_snake_entry_six_corridors
Lair:3:   special_room, lab_entry_generic, infiniplex_staircase_pool,
          uniq_gastronok, uniq_rupert
Lab:      nicolae_lab_statue, nicolae_lab_very_dead_end, lab_fountain
